 Dungeon Crawl Stone Soup version 0.29.1-1-gd02db6906a (webtiles) character file.

Game seed: 13800596461982277255

301 sankara the Trooper (level 6, -2/48 HPs)
             Began as a Demonspawn Fighter on Oct 20, 2022.
             Slain by a killer bee (6 damage)
             ... on level 3 of the Dungeon.
             The game lasted 00:09:01 (3276 turns).

sankara the Trooper (Demonspawn Fighter)            Turns: 3276, Time: 00:09:02

Health: -2/48      AC: 10    Str: 17    XL:     6   Next: 14%
Magic:  6/6        EV: 10    Int: 15    God:
Gold:   188        SH:  4    Dex: 14    Spells: 3/5 levels left

rFire   . . .      SeeInvis .     - Unarmed
rCold   . . .      Faith    .   (no shield)
rNeg    . . .      Spirit   .   l - quicksilver dragon scales
rPois   .          Reflect  .   (no helmet)
rElec   .          Harm     .   (no cloak)
rCorr   .          Rampage  .   (no gloves)
Will    +....                   (no boots)
Stlth   +.........              (no amulet)
HPRegen 0.16/turn               k - +6 ring of intelligence
MPRegen 0.20/turn               (no ring)

@: lethally poisoned (-2 -> -7), flying
A: claws 2, large bone plates 1, magic regeneration
a: no special abilities


You were on level 3 of the Dungeon.
You visited 1 branch of the dungeon, and saw 4 of its levels.

You collected 188 gold pieces.

Inventory:

Hand Weapons
 a - a +0 flail
Missiles
 b - 33 stones
Armour
 c - a +0 buckler
 e - a +2 ring mail of cold resistance
 l - quicksilver dragon scales (worn)
Jewellery
 k - a +6 ring of intelligence (left claw)
Wands
 m - a wand of flame (17) (quivered)
Scrolls
 f - a scroll of summoning {unknown}
 h - a scroll of silence {unknown}
 i - 2 scrolls of enchant armour {unknown}
 j - a scroll of identify {unknown}
 o - a scroll of teleportation {unknown}
Potions
 d - 2 potions of might
 g - a potion of flight
 n - a potion of curing {unknown}


   Skills:
 + Level 4.1 Fighting
 - Level 2.1 Maces & Flails
 + Level 3.6 Armour
 - Level 3.5 Shields
 * Level 3.0 Unarmed Combat
 + Level 0.9 Evocations


You had 3 spell levels left.
You knew the following spells:

 Your Spells              Type           Power      Damage    Failure   Level
a - Blink                 Tloc           0%         N/A       58%         2

Your spell library contained the following spells:

 Spells                   Type           Power      Damage    Failure   Level
 Foxfire                  Conj/Fire      0%         2x1d4     43%         1
 Freeze                   Ice            0%         1d3       43%         1
 Call Canine Familiar     Summ           0%         N/A       82%         3
 Conjure Flame            Conj/Fire      0%         6-21      82%         3
 Frozen Ramparts          Ice            0%         1d1       82%         3
 Inner Flame              Hex/Fire       0%         N/A       82%         3
 Portal Projectile        Hex/Tloc       0%         N/A       82%         3
 Flame Wave               Conj/Fire      0%         2d4       99%         4
 Hailstorm                Conj/Ice       0%         3d3       99%         4
 Leda's Liquefaction      Hex/Erth       0%         N/A       99%         4
 Manifold Assault         Tloc           0%         N/A       100%        5
 Storm Form               Tmut/Air       0%         N/A       100%        7


Dungeon Overview and Level Annotations

Branches:
Dungeon (4/15)
 Temple: D:4-7

Altars:


Innate Abilities, Weirdness & Mutations

You have very sharp fingernails.
You are partially covered in large bone plates. (SH +4)
You regenerate magic rapidly.


Message History

The killer bee is severely wounded.
You feel sick.
The killer bee stings you but does no damage. x2
You barely miss the killer bee.
The killer bee is severely wounded.
You feel sick. The killer bee misses you. The killer bee closely misses you.
You claw the killer bee!
You kill the killer bee!
You feel sick. The killer bee barely misses you.
Your Unarmed Combat skill increases to level 3!
You have reached level 6!
Your demonic ancestry asserts itself...
Large bone plates grow over parts of your arms.
Unknown command.
You claw the killer bee!
The killer bee is severely wounded.
You feel sick. The killer bee closely misses you. The killer bee stings you.
You are more poisoned.
The killer bee poisons you!
You scratch the killer bee but do no damage.
The killer bee is severely wounded.
You feel very sick. The killer bee stings you.
* * * LOW HITPOINT WARNING * * *
The killer bee stings you.
* * * LOW HITPOINT WARNING * * *
You miss the killer bee.
The killer bee is severely wounded.
You feel sick. The killer bee barely misses you.
You scratch the killer bee.
The killer bee is severely wounded.
You feel sick. The killer bee stings you.
* * * LOW HITPOINT WARNING * * *
The killer bee stings you but does no damage.
It was a potion of flight.
You feel very buoyant.
You fly up into the air.
* * * LOW HITPOINT WARNING * * *
You feel sick. The killer bee barely misses you. The killer bee stings you.
You die...

####.# #.......# #... #.#
####.#.#...# #... #.#
#####.......#.## #... #.#
#.....##.#..#.########...
#.#
#.....##.#..#.#..........
#.#
#........#..#............
#.#
#.....####..###..........
####.#
#..>..####..##########...
#....# #####..y@.....#
#... #.####
#############.# #...
#.##### #.....# #.# #...
#.#...###.###.# #.# #..)
#..#.#.#......#######.#
#...
#.#...#...#...........#
#...
#...........#.#########
#... #.#...#...###.# #...
##.#.#.#......# #########
#...


You could see a killer bee.

Vanquished Creatures
  A killer bee (D:3)
  A hound (D:4)
  Jessica (D:3)
  2 orc wizards
  2 gnolls
  5 adders
  3 dart slugs
  3 orcs
  4 endoplasms
  4 giant cockroaches
  6 goblins
  A hobgoblin (D:1)
  6 jackals (D:1)
  4 kobolds
  2 quokkas (D:1)
  4 ball pythons (D:1)
  4 bats
  A frilled lizard (D:2)
  3 rats
57 creatures vanquished.

Vanquished Creatures (others)
  2 orc wizards (D:3)
  An orc (D:2)
3 creatures vanquished.

Grand Total: 60 creatures vanquished

Notes
Turn   | Place    | Note
-------+----------+-------------------------------------------
     0 | D:1      | sankara the Demonspawn Fighter began the quest for the Orb.
     0 | D:1      | Reached XP level 1. HP: 18/18 MP: 1/1
    32 | D:1      | Gained mutation: You have sharp fingernails. [demonic
                  | ancestry]
    32 | D:1      | Reached XP level 2. HP: 20/24 MP: 2/2
    98 | D:1      | Found a faded altar of an unknown god.
   725 | D:1      | Gained mutation: You regenerate magic rapidly. [demonic
                  | ancestry]
   725 | D:1      | Reached XP level 3. HP: 28/29 MP: 3/3
   798 | D:1      | Reached skill level 1 in Unarmed Combat
  1451 | D:2      | Identified the +4 sling of the Sage {venom, rF+ rC+ Dex+2}
  1873 | D:2      | Reached XP level 4. HP: 30/35 MP: 4/4
  2208 | D:3      | Learned a level 2 spell: Blink
  2396 | D:3      | Noticed Jessica
  2405 | D:3      | Killed Jessica
  2658 | D:3      | Gained mutation: You have very sharp fingernails. [demonic
                  | ancestry]
  2658 | D:3      | Reached XP level 5. HP: 41/42 MP: 5/5
  2944 | D:4      | Reached skill level 4 in Fighting
  3062 | D:4      | Noticed a black bear
  3272 | D:3      | Gained mutation: You are partially covered in large bone
                  | plates. (SH +4) [demonic ancestry]
  3272 | D:3      | Reached XP level 6. HP: 23/48 MP: 6/6
  3276 | D:3      | Slain by a killer bee

Illustrated notes

Levels and vault maps discovered:
D:1:      dpeg_arrival_connections, layout_basic,
          hellmonk_ecumenical_altar_dog_temple
D:2:      layout_loops_ring, grunt_decor_mini_mirrors, serial_park_tiny_1
D:3:      layout_loops_cross, corexii_leaking_fountain, uniq_jessica
D:4:      layout_loops_ring, skrybe_limestone_x, uniq_crazy_yiuf_cottage

Skill      XL: |  1  2  3  4  5 |
---------------+----------------+-----
Maces & Flails | 2 |  2.1
Shields        | 3 |  3.5
Unarmed Combat | 1 2 3 |  3.0
Armour         | 3 |  3.6
Fighting       | 4 |  4.1
Evocations     | |  0.9

Action                   |  1- 3 |  4- 6 || total
-------------------------+-------+-------++-------
Melee: Flail             |    19 |       ||    19
       Unarmed           |   134 |    97 ||   231
  Use: Potion            |       |     1 ||     1
Armor: Scale mail        |    59 |       ||    59
       Quicksilver drago |    18 |    54 ||    72
Dodge: Dodged            |    85 |    46 ||   131
Block: Buckler           |    41 |    10 ||    51
